 Dungeon Crawl Stone Soup version 0.28.0-47-ge53b351184 (webtiles) character file.

Game seed: 4704625609522905428

11 pkoi the Insei (level 2, 0/24 HPs)
             Began as a Demigod Gladiator on May 5, 2022.
             Slain by a giant cockroach (2 damage)
             ... on level 1 of the Dungeon.
             The game lasted 00:01:29 (1238 turns).

pkoi the Insei (Demigod Gladiator)                  Turns: 1238, Time: 00:01:30

Health: 0/24       AC: 12    Str: 15    XL:     2   Next: 3%
Magic:  4/4        EV:  4    Int: 10    God:
Gold:   92         SH:  0    Dex: 15    Spells: 1/1 levels left

rFire   . . .      SeeInvis .     - Unarmed
rCold   . . .      Faith    .   (no shield)
rNeg    . . .      Spirit   .   e - +0 plate armour
rPois   .          Reflect  .   b - +0 helmet
rElec   .          Harm     .   k - +0 cloak
rCorr   .          Rampage  .   (no gloves)
Will    .....                   (no boots)
Stlth   ..........              h - amulet of the acrobat
HPRegen 0.08/turn               (no ring)
MPRegen 0.09/turn               (no ring)

@: no status effects
A: high MP 1, forlorn, divine attributes
a: no special abilities


You were on level 1 of the Dungeon.
You visited 1 branch of the dungeon, and saw 2 of its levels.

You collected 92 gold pieces.

Inventory:

Hand Weapons
 d - a +0 hunting sling
 l - a +0 spear
 n - a +0 whip
Missiles
 c - 3 throwing nets (quivered)
 j - 15 stones
 m - 42 sling bullets
Armour
 a - a +0 leather armour
 b - a +0 helmet (worn)
 e - a +0 plate armour (worn)
 k - a +0 cloak (worn)
Magical Staves
 i - a staff of fire
Jewellery
 h - an amulet of the acrobat (around neck)
Potions
 f - 2 potions of attraction {unknown}
 g - a potion of curing {unknown}


   Skills:
 - Level 1.7 Fighting
 - Level 1.7 Throwing
 - Level 2.6 Dodging
 + Level 3.3 Unarmed Combat


You had one spell level left.
You didn't know any spells.
Your spell library contained the following spells:

 Spells                   Type           Power      Damage    Failure   Level
 Beastly Appendage        Tmut           0%         N/A       100%        1
 Wereblood                Tmut           0%         N/A       100%        2
 Spider Form              Tmut/Pois      0%         N/A       100%        3


Dungeon Overview and Level Annotations

Branches:
Dungeon (2/15)

Shops:
D:1 (


Innate Abilities, Weirdness & Mutations

You have an increased reservoir of magic. (+10% MP)
You shall have no god before yourself.
Your divine heritage dramatically boosts your attributes as you level up.


Message History

There is a stone staircase leading down here.
Found a dagger.
Found a stone staircase leading up.
Found an escape hatch in the ceiling.
An iguana comes into view.
An iguana is nearby!
An iguana is nearby!
The iguana hisses angrily.
There is an escape hatch in the ceiling here.
d - a +0 hunting sling (weapon)
The iguana hisses menacingly.
Fire: 16 stones
Press: ? - help, Q - select action, (/) - cycle Shift-Dir - straight line, f - iguana
Aim: an iguana (61% to hit)
You shoot a stone. The stone barely misses the iguana.
The iguana bites you.
Unknown command.
You are now empty-handed.
You completely miss the iguana. The iguana bites you!
* * * LOW HITPOINT WARNING * * *
You closely miss the iguana. The iguana bites you.
* * * LOW HITPOINT WARNING * * *
You barely miss the iguana. The iguana bites you!
* * * LOW HITPOINT WARNING * * *
You completely miss the iguana. The iguana bites you.
* * * LOW HITPOINT WARNING * * *
You aren't carrying any scrolls.
Unknown command.
A giant cockroach comes into view.
The giant cockroach completely misses you.
Found 14 gold pieces.
The giant cockroach misses you. The giant cockroach closely misses you.
There is a stone staircase leading up here.
The giant cockroach bites you but does no damage.
You climb upwards.
There is a stone staircase leading down here.
You hit the giant cockroach.
The giant cockroach is severely wounded.
The giant cockroach bites you.
You die...

####.######.###..........#
.......# #.......######.#
.###.#.# ######.## #.# .# #.#.#
#.# #.# .# #.#.#### ##'## #.# .#
#......# ##...## #.# .#####.##.#
##.....## #.###
.......##.###.......## #.#.##
#####...........@....###....#####
#.............B...'...........
##...#.##.........###....#####
#..##.##................#
#.....##.#.....#.###.##.#
#.######.##...##.# #.##.# #.#
#.###'###.# #....# #.######.# #.#
#.# ####.# #........# #.#
#.######[#


You could see a giant cockroach.

Vanquished Creatures
  An endoplasm (D:1)
  A hobgoblin (D:2)
  A kobold (D:1)
  2 quokkas
  A ball python (D:1)
  2 bats
  2 frilled lizards (D:1)
10 creatures vanquished.

Notes
Turn   | Place    | Note
-------+----------+-------------------------------------------
     0 | D:1      | pkoi the Demigod Gladiator began the quest for the Orb.
     0 | D:1      | Reached XP level 1. HP: 17/17 MP: 3/3
   505 | D:1      | Found Ycan's Weapon Shoppe.
   562 | D:1      | Reached skill level 3 in Unarmed Combat
   999 | D:2      | Reached XP level 2. HP: 19/24 MP: 4/4
  1221 | D:2      | HP: 1/24 [iguana (3)]
  1238 | D:1      | Slain by a giant cockroach

Illustrated notes

Levels and vault maps discovered:
D:1:      mainiacjoe_arrival_reflecting_pool, layout_loops_corners,
          serial_shops, nicolae_shop_bloodbath_and_beyond
D:2:      layout_basic, ebering_ecumenical_altar_abandoned, uniq_jessica

Skill      XL: |  1 |
---------------+----+-----
Unarmed Combat | 3 |  3.3
Fighting       | |  1.7
Throwing       | |  1.7
Dodging        | |  2.6

Action                   || total
-------------------------++-------
Melee: Unarmed           ||    31
       Punch             ||     2
 Fire: Hunting sling     ||     1
Armor: Plate armour      ||    21
       Leather armour    ||     1
Dodge: Dodged            ||     5
